 Dungeon Crawl Stone Soup version 0.21.1-1-g345015f (webtiles) character file.

3172 Cadaver the Spear-Bearer (level 9, -2/79 HPs)
             Began as a Centaur Gladiator on Apr 7, 2018.
             Was a Believer of Okawaru.
             Slain by a porcupine (11 damage)
             ... on level 7 of the Dungeon.
             The game lasted 00:45:20 (9603 turns).

Cadaver the Spear-Bearer (Centaur Gladiator)        Turns: 9603, Time: 00:45:21

Health: -2/79      AC: 11    Str: 18    XL:     9   Next: 63%
Magic:  0/10       EV: 12    Int: 12    God:    Okawaru [**....]
Gold:   404        SH:  0    Dex: 12    Spells: 6/8 levels left

rFire    + . .     SeeInvis .   a - +0 trident
rCold    + . .     Gourm    .   (no shield)
rNeg     . . .     Faith    .   s - +2 ring mail {rF+}
rPois    .         Spirit   +   c - +0 helmet
rElec    .         Reflect  .   n - scarf {repulsion}
rCorr    .         Harm     .   (no gloves)
MR       .....                  (no barding)
Stlth    ++........             B - amulet of guardian spirit
HPRegen  0.23/turn              o - +4 ring of intelligence
MPRegen  0.12/turn              b - ring of protection from cold

@: heroism, drained, repel missiles, very quick
A: large, hooves 3, deformed body, speed 2, tough skin 3
a: Heroism, Renounce Religion


You were on level 7 of the Dungeon.
You worshipped Okawaru.
Okawaru was pleased with you.
You were not hungry.

You visited 2 branches of the dungeon, and saw 9 of its levels.

You collected 404 gold pieces.

Inventory:

Hand Weapons
 a - a +0 trident (weapon)
 e - a cursed -2 hunting sling
 L - a +0 shortbow
Missiles
 d - 5 throwing nets
 g - 137 arrows
 i - 288 stones (quivered)
 t - 4 needles of frenzy
 z - 22 poisoned needles
Armour
 c - a +0 helmet (worn)
 n - a scarf of repulsion (worn)
 s - a +2 ring mail of fire resistance (worn)
 x - a +0 plate armour
Jewellery
 b - a ring of protection from cold (right hand)
 j - an uncursed ring of fire
 o - a +4 ring of intelligence (left hand)
 B - an amulet of guardian spirit (around neck)
 E - an uncursed ring of protection from fire
 I - an uncursed ring of protection from cold
Wands
 r - a wand of enslavement (21)
 K - a wand of iceblast (6)
Scrolls
 l - a scroll of enchant armour
 q - a scroll of remove curse
 w - a scroll of fog
 y - 4 scrolls of teleportation
 A - a scroll of noise {unknown}
 D - a scroll of enchant weapon {unknown}
 F - a scroll of blinking {unknown}
 G - a scroll of amnesia {unknown}
 J - a scroll of fear
Potions
 k - a potion of invisibility
 m - 3 potions of flight
 p - 2 potions of curing
 C - a potion of cancellation
 H - a potion of haste
Books
 v - a book of Battle

   Spells                             Type                      Level
   a - Infusion                       Charms                       1
   b - Shroud of Golubria             Charms/Translocation         2
   c - Song of Slaying                Charms                       2
   d - Spectral Weapon                Hexes/Charms                 3
   e - Regeneration                   Charms/Necromancy            3
Comestibles
 f - 18 rations


   Skills:
 + Level 7.0(11.8) Fighting
 + Level 9.9(14.7) Polearms
 - Level 2.1(7.0) Throwing
 + Level 6.4(11.3) Armour
 - Level 2.1(7.0) Dodging
 + Level 4.8(9.6) Unarmed Combat
 + Level 1.5(1.3) Invocations


You had 6 spell levels left.
You knew the following spells:

 Your Spells              Type           Power        Failure   Level  Hunger
a - Shroud of Golubria    Chrm/Tloc      #.........   61%         2    ###....


Dungeon Overview and Level Annotations

Branches:
Dungeon (8/15)             Temple (1/1) D:5
   Lair: D:8-11

Altars:
Ashenzari
Cheibriados
Dithmenos
Elyvilon
Gozag
Hepliaklqana
Makhleb
Okawaru
Qazlal
Ru
Sif Muna
Trog
Uskayaw
Vehumet
Wu Jian
Xom
Yredelemnul
Zin
The Shining One

Shops:
D:6 %   D:7 }

Annotations:
D:6 Pikel


Innate Abilities, Weirdness & Mutations

You have hooves in place of feet.
Armour fits poorly on your strangely shaped body.
You cover ground very quickly.
You have extremely tough skin. (AC +3)


Message History

The iguana is heavily wounded.
You hit the iguana but do no damage. Your kick misses the iguana.
The iguana is heavily wounded.
The porcupine barely misses you. The yak gores you!
* * * LOW HITPOINT WARNING * * *
The iguana bites you!
* * * LOW HITPOINT WARNING * * *
You closely miss the iguana.
The iguana is heavily wounded.
The porcupine bites you.
* * * LOW HITPOINT WARNING * * *
You hit the iguana.
The iguana is severely wounded.
The yak barely misses you. The iguana bites you.
* * * LOW HITPOINT WARNING * * *
The porcupine barely misses you.
You feel better. The yak gores you.
* * * LOW HITPOINT WARNING * * *
The porcupine bites you!
You die...

.###.................#
## ##................#
#..............###
#......(......##
#####..........>.##
..∩..8.........###
#####.........##
#.......#..#### ####
#########..l@r###
##..#
##.###Y..####...# #..#
###...##...## ##.##
###.......# #..#
###.....## #..#
#.......### ##.#####
##.........##
###......##
#...<....#...
#.........#
#........####


You could see a yak, an iguana and a porcupine.

Vanquished Creatures
  Eustachio (D:5)
  A water moccasin (D:5)
  2 phantoms
  2 ice beasts
  A sky beast (D:7)
  A necrophage (D:5)
  2 ogres
  A centaur (D:6)
  A big kobold (D:6)
  A bullfrog (D:5)
  A scorpion (D:5)
  7 killer bees
  4 wights (D:7)
  A howler monkey (D:4)
  A bullfrog zombie (D:6)
  4 hounds
  A quasit (D:7)
  A centaur zombie (D:5)
  3 crimson imps (D:5)
  A jelly (D:6)
  A gnoll shaman (D:5)
  3 orc priests
  A centaur skeleton (D:7)
  4 orc wizards (D:4)
  6 worker ants
  11 gnolls
  8 adders
  An ooze (D:2)
  3 worms
  10 dart slugs
  2 leopard geckos
  13 orcs
  2 ball pythons
  7 giant cockroaches
  10 goblins
  10 hobgoblins
  6 jackals
  3 quokkas
  9 bats
  6 frilled lizards
  A jackal zombie (D:7)
  12 kobolds
  A leopard gecko skeleton (D:4)
  6 rats
173 creatures vanquished.

Vanquished Creatures (others)
  An orc priest (D:2)
  An orc wizard (D:2)
  An orc (D:2)
  2 kobolds (D:2)
5 creatures vanquished.

Grand Total: 178 creatures vanquished

Notes
Turn   | Place    | Note
-------+----------+-------------------------------------------
     0 | D:1      | Cadaver the Centaur Gladiator began the quest for the Orb.
     0 | D:1      | Reached XP level 1. HP: 17/17 MP: 1/1
   309 | D:1      | Reached skill level 3 in Polearms
   327 | D:1      | Reached XP level 2. HP: 20/24 MP: 2/2
   902 | D:1      | Reached XP level 3. HP: 21/29 MP: 3/3
  1755 | D:2      | Reached XP level 4. HP: 37/37 MP: 4/4
  1833 | D:2      | Reached skill level 4 in Polearms
  1977 | D:2      | Reached skill level 1 in Armour
  2377 | D:2      | Found a radiant altar of Vehumet.
  2378 | D:2      | Found a bloodstained altar of Trog.
  2476 | D:2      | Found an iron altar of Okawaru.
  2490 | D:2      | Became a worshipper of Warmaster Okawaru
  2538 | D:2      | Found a faded altar of an unknown god.
  2868 | D:2      | Reached XP level 5. HP: 32/44 MP: 5/5
  4161 | D:3      | Reached skill level 5 in Polearms
  4229 | D:3      | Reached XP level 6. HP: 47/51 MP: 6/6
  5006 | D:3      | Reached skill level 8 in Polearms
  5006 | D:3      | Reached skill level 5 in Armour
  5006 | D:3      | Reached XP level 7. HP: 63/63 MP: 7/7
  5464 | D:4      | Reached * piety under Okawaru
  5527 | D:4      | Reached XP level 8. HP: 44/70 MP: 5/8
  6028 | D:5      | Entered Level 5 of the Dungeon
  6179 | D:5      | Learned a level 2 spell: Shroud of Golubria
  6183 | D:5      | Noticed Eustachio
  6346 | D:5      | Found a staircase to the Ecumenical Temple.
  6355 | Temple   | Entered the Ecumenical Temple
  6764 | D:5      | Killed Eustachio
  6867 | D:5      | Reached skill level 9 in Polearms
  7153 | D:5      | Reached skill level 1 in Invocations
  7379 | D:6      | Noticed Pikel
  7611 | D:5      | Reached XP level 9. HP: 78/78 MP: 6/9
  7777 | D:6      | Found Nyang's Food Shoppe.
  7798 | D:6      | Reached ** piety under Okawaru
  8031 | D:6      | Found a glowing silver altar of Zin.
  8031 | D:6      | Found an ornate altar of the Wu Jian Council.
  9174 | D:7      | Found Yfena's Gadget Boutique.
  9222 | D:7      | Found a stormy altar of Qazlal.
  9601 | D:7      | HP: 3/79 [porcupine (5)]
  9603 | D:7      | Slain by a porcupine

Skill      XL: |  1  2  3  4  5  6  7  8  9 |
---------------+----------------------------+-----
Polearms       | 3 4 5 8 9 |  9.9
Armour         | 1 5 6 |  6.4
Fighting       | 3 6 7 |  7.0
Unarmed Combat | 4 |  4.8
Invocations    | 1 |  1.5
Throwing       | |  2.1
Dodging        | |  2.1

Action                   |  1- 3 |  4- 6 |  7- 9 || total
-------------------------+-------+-------+-------++-------
Melee: Trident           |   115 |   219 |   381 ||   715
       Kick              |    15 |    45 |    71 ||   131
       Punch             |       |       |     7 ||     7
Throw: Stone             |     6 |    15 |    15 ||    36
Invok: Heroism           |       |       |    13 ||    13
  Use: Scroll            |     4 |     4 |     6 ||    14
       Potion            |       |     3 |     2 ||     5
 Stab: Distracted        |       |     1 |       ||     1
  Eat: Chunk             |     2 |     8 |     9 ||    19
       Ration            |       |       |     1 ||     1
Armor: Leather armour    |    26 |       |       ||    26
       Scale mail        |     7 |    11 |       ||    18
       Chain mail        |       |    15 |       ||    15
       Ring mail         |       |    47 |   128 ||   175
Dodge: Dodged            |    45 |    66 |   124 ||   235
       Deflected         |       |       |     4 ||     4
